Map: Neon Violet Square LE

Players

booga

  • Race: Zerg Zerg
  • League: Platinum
  • Spawn Location: 5:00

Kozzy - Winner!

  • Race: Protoss Protoss
  • League: Platinum
  • Spawn Location: 11:00

VOD

Have the link to the VOD?

Description

Time

  • Played on: April 15, 2018, 4:44 p.m.
  • Length: 7:07
Show
View Real Time Build Order
Export as new Build Order

booga Zerg 

Build Orders: Pool First 

Get SALT Encoding   

  12  0:02  Drone  
  13  0:13  Overlord  
  13  0:21  Drone  
  14  0:38  Spawning Pool  
  14  0:40  Drone  
  14  0:47  Drone  
  14  0:49  Drone  
  16  0:53  Drone  
  17  1:16  Hatchery  
  16  1:25  Zergling x2  
  17  1:28  Queen  
  19  1:38  Drone  
  20  1:41  Extractor  
  19  1:58  Overlord  
  19  2:11  Queen  
  19  2:15  Drone  
  22  2:16  Drone  
  22  2:17  Drone  
  23  2:37  Queen  
  23  2:41  Drone x2  
  27  2:48  Drone  
  27  2:49  Extractor  
  27  2:58  Drone x3  
  30  3:00  Drone  
  30  3:03  Zergling x4  
  33  3:11  Lair  
  33  3:18  Roach Warren  
  32  3:23  Overlord  
  32  3:35  Spore Crawler  
  32  3:39  Spore Crawler, Drone x2  
  32  3:40  Drone  
  33  3:44  Drone  
  33  3:45  Overlord  
  34  3:58  Roach x3  
  40  4:06  Drone  
  40  4:07  Drone x3  
  44  4:11  Overseer  
  44  4:18  Drone  
  44  4:19  Hydralisk Den  
  44  4:31  Overlord  
  44  4:33  Drone x4  
  44  4:34  Drone  
  49  4:54  Overlord x2  
  49  4:56  Glial Reconstitution  
  49  4:57  Metabolic Boost  
  49  5:03  Roach  
  49  5:04  Roach  
  49  5:05  Drone x3  
  56  5:09  Drone x2  
  56  5:12  Roach  
  56  5:13  Extractor x2  
  58  5:17  Roach  
  60  5:24  Zergling x2  
  60  5:25  Roach  
  63  5:31  Roach x3  
  63  5:34  Roach  
  70  5:40  Roach  
  70  5:41  Roach  
  70  5:42  Overlord  
  74  5:52  Roach  
  74  5:53  Roach x2  
  70  6:00  Roach x2  
  54  6:16  Roach  
  54  6:17  Roach x5  
  54  6:18  Roach  
  62  6:22  Roach  
  58  6:26  Roach  
  58  6:30  Roach  
  51  6:38  Roach x2  
  45  6:43  Roach  
  45  6:46  Zergling x4  
Show
View Real Time Build Order
Export as new Build Order

Kozzy Protoss - Winner!

Build Orders:  

Get SALT Encoding   

  12  0:01  Probe  
  13  0:13  Probe  
  14  0:24  Pylon  
  14  0:25  Probe  
  15  0:34  Assimilator  
  15  0:43  Gateway  
  15  0:46  Probe (Chrono Boost)  
  17  0:58  Probe (Chrono Boost)  
  17  1:04  Probe (Chrono Boost)  
  18  1:12  Pylon  
  18  1:15  Forge  
  18  1:21  Probe (Chrono Boost)  
  19  1:32  Probe (Chrono Boost)  
  20  1:35  Zealot  
  22  1:45  Cybernetics Core  
  22  1:56  Photon Cannon  
  21  2:12  Gateway  
  21  2:21  Protoss Ground Weapons Level 1 (Chrono Boost)  
  21  2:24  Warp Gate  
  21  2:37  Robotics Facility  
  21  2:47  Shield Battery  
  21  2:51  Zealot  
  21  2:57  Pylon  
  23  3:11  Pylon  
  23  3:19  Gateway  
  23  3:29  Immortal  
  27  3:37  Pylon  
  29  4:09  Immortal, Pylon  
  31  4:29  Zealot  
  31  4:30  Zealot x2  
  37  4:48  Immortal (Chrono Boost)  
  41  4:56  Stalker  
  41  4:58  Zealot  
  45  5:23  Pylon  
  45  5:24  Immortal (Chrono Boost)  
  49  5:36  Zealot x2  
  39  6:11  Immortal  
  43  6:19  Zealot x2  
  43  6:20  Zealot  
  47  6:57  Photon Cannon  
  47  7:01  Shield Battery  
Tags
 
Add a new tag
Caveats
  • Supply blocks, unpowered buildings, or Contaminate may cause inaccurate times.
  • Supply counts are checked every 10 seconds.